 Dungeon Crawl Stone Soup version 0.20.1-1-g8b1a95d (webtiles) character file.

23 necrodante the Firebug (level 2, 0/22 HPs)
             Began as a Demigod Fire Elementalist on Oct 21, 2017.
             Slain by a leopard gecko (4 damage)
             ... on level 2 of the Dungeon.
             The game lasted 00:07:08 (292 turns).

necrodante the Firebug (Demigod Fire Elementalist)   Turns: 292, Time: 00:07:09

Health: 0/22       AC:  2    Str: 11    XL:     2   Next: 54%
Magic:  7/7        EV: 13    Int: 19    God:
Gold:   41         SH:  0    Dex: 16    Spells: 4/5 levels left

rFire    . . .     SeeInvis +   f - +2 short sword (protect)
rCold    . . .     Gourm    .   (no shield)
rNeg     . . .     Faith    .   a - +0 robe
rPois    .         Spirit   .   (no helmet)
rElec    .         Reflect  .   (no cloak)
rCorr    .         Harm     .   (no gloves)
MR       .....                  (no boots)
Stlth    ++........             (no amulet)
Regen    0.1/turn               i - ring of see invisible
MPRegen  0.1/turn               (no ring)

@: no status effects
A: high mp 1
a: no special abilities


You were on level 2 of the Dungeon.
You were not hungry.

You visited 1 branch of the dungeon, and saw 2 of its levels.

You collected 41 gold pieces.

Inventory:

Hand Weapons
 d - a +0 club
 e - a +0 short sword
 f - a +2 short sword of protection (weapon)
 g - a +0 club
Missiles
 n - 13 stones (quivered)
Armour
 a - a +0 robe (worn)
 k - a +0 plate armour
Jewellery
 i - a ring of see invisible (left hand)
Scrolls
 l - a scroll of recharging {unknown}
Potions
 h - 2 potions of heal wounds {unknown}
 j - a potion of flight {unknown}
Books
 b - a book of Flames

   Spells                             Type                      Level
   a - Flame Tongue                   Conjuration/Fire             1
   b - Throw Flame                    Conjuration/Fire             2
   c - Conjure Flame                  Conjuration/Fire             3
   d - Inner Flame                    Hexes/Fire                   3
   e - Sticky Flame                   Conjuration/Fire             4
   f - Fireball                       Conjuration/Fire             5
Comestibles
 c - a bread ration
 m - a meat ration


   Skills:
 + Level 0.3 Fighting
 + Level 0.1 Short Blades
 + Level 2.0 Dodging
 + Level 2.0 Stealth
 + Level 2.0 Spellcasting
 + Level 0.8 Conjurations
 + Level 3.1 Fire Magic


You had 4 spell levels left.
You knew the following spells:

 Your Spells              Type           Power        Failure   Level  Hunger
a - Flame Tongue          Conj/Fire      #....        8%          1    #......


Dungeon Overview and Level Annotations

Branches:
Dungeon (2/15)


Innate Abilities, Weirdness & Mutations

You have an increased reservoir of magic. (+10% MP)


Message History

A leopard gecko and a giant cockroach come into view.
A ball python comes into view.
Found a dagger.
You barely miss the goblin.
The leopard gecko hisses angrily.
The goblin hits you with a quarterstaff.
You closely miss the goblin. The goblin misses you.
The giant cockroach bites you.
You barely miss the goblin.
The giant cockroach waves its antennae.
The giant cockroach misses you.
The goblin hits you with a quarterstaff.
The giant cockroach bites you. The leopard gecko misses you.
You completely miss the goblin. The goblin completely misses you.
The giant cockroach closely misses you. The leopard gecko misses you.
You barely miss the goblin.
The goblin hits you with a quarterstaff.
* * * LOW HITPOINT WARNING * * *
The giant cockroach closely misses you. The leopard gecko bites you.
You die...

#.#.#.......#####...
#.#.#...........#.##
#.#.......#.....#.##
#.#.##....#.........
#...##....##......#.
#..##.†..##........
#..###.#........#.†
#...............+..
#.@##...........###
#sgl...............
...!.............###
S....>...#####......#
.............
####...#
...........### #...#
...........# #....
.)......#### #...##


You could see a leopard gecko, a giant cockroach, a goblin and a ball python
(wandering).

Vanquished Creatures
  An adder (D:2)
  A dart slug (D:1)
  A leopard gecko (D:2)
  A ball python (D:1)
  A bat (D:2)
  A giant cockroach (D:1)
  2 hobgoblins
  A frilled lizard (D:2)
  A kobold (D:1)
  A rat (D:1)
11 creatures vanquished.

Notes
Turn   | Place    | Note
-------+----------+-------------------------------------------
     0 | D:1      | necrodante the Demigod Fire Elementalist began the quest for the Orb.
     0 | D:1      | Reached XP level 1. HP: 14/14 MP: 5/5
   205 | D:2      | Reached skill level 3 in Fire Magic
   205 | D:2      | Reached XP level 2. HP: 15/20 MP: 7/7
   292 | D:2      | Slain by a leopard gecko

Skill      XL: |  1  2 |
---------------+-------+-----
Fire Magic     | 3 |  3.1
Dodging        | 2 |  2.0
Stealth        | 2 |  2.0
Spellcasting   | 2 |  2.0
Fighting       | |  0.3
Short Blades   | |  0.1
Conjurations   | |  0.8

Action                   || total
-------------------------++-------
Melee: Unarmed           ||    12
       Short sword       ||    42
 Cast: Flame Tongue      ||     2
  Use: Scroll            ||     2
 Stab: Sleeping          ||     1
Armor: Robe              ||    27
Dodge: Dodged            ||    63
